 Dungeon Crawl Stone Soup version 0.29.1-4-g47bece8355 (webtiles) character file.

Game seed: 7957279900289385645

131252 LustLizard the Gelid (level 17, -3/109 HPs)
             Began as a Barachi Ice Elementalist on Dec 8, 2022.
             Was the Champion of Cheibriados.
             Slain by Arachne the simulacrum (19 damage)
             ... on level 3 of the Spider Nest on Dec 9, 2022.
             The game lasted 01:25:58 (32450 turns).

LustLizard the Gelid (Barachi Ice Elementalist)    Turns: 32450, Time: 01:25:58

Health: -3/109     AC: 28    Str: 28    XL:     17   Next: 9%
Magic:  5/33       EV: 28    Int: 44    God:    Cheibriados [******]
Gold:   1519       SH: 21    Dex: 34    Spells: 5/41 levels left

rFire   x . .      SeeInvis .   O - +10 morningstar "Eos" {elec, Halo rElec}
rCold   + . .      Faith    .   E - +5 kite shield
rNeg    . . .      Spirit   .   t - +2 ring mail "Jykeaf" {Int+7 Dex+4}
rPois   .          Reflect  .   m - +2 hat
rElec   +          Harm     .   U - +0 cloak
rCorr   .          Rampage  .   G - +2 pair of gloves
Will    +....                   n - +2 pair of boots
Stlth   ++........              D - amulet of regeneration
HPRegen 1.08/turn               M - ring of Lies {EV+4 Str+2 Dex+2}
MPRegen 0.23/turn               s - ring "Rineqaoq" {Ice Stlth+}

@: ice-armoured, glowing, very slow
A: amphibious, slowness 1, strong legs 2, +LOS, frail 1
a: Hop, Renounce Religion, Bend Time, Temporal Distortion, Slouch, Step From
Time


You were on level 3 of the Spider Nest.
You worshipped Cheibriados.
Cheibriados was exalted by your worship.
You visited 5 branches of the dungeon, and saw 25 of its levels.
You visited 1 bazaar.
You also visited: Ossuary, Bailey and Gauntlet.

You collected 2580 gold pieces.
You spent 1061 gold pieces at shops.

Inventory:

Hand Weapons
 O - the +10 morningstar "Eos" (weapon) {elec, Halo rElec}
   (You found it on level 8 of the Dungeon)

   It occasionally discharges a powerful burst of electricity upon striking a
   foe.
   It grants its wielder a halo, revealing invisible creatures and increasing
   accuracy against all within it other than the wielder.
   rElec:     It insulates you from electricity.
Armour
 e - the +1 pair of boots of Intuition {-Tele rF+ rC++ Str+4}
   (You found it on level 2 of the Spider Nest)

   Str:       It affects your strength (+4).
   rF:        It protects you from fire.
   rC:        It greatly protects you from cold.
   -Tele:     It prevents most forms of teleportation.
 m - a +2 hat (worn)
 n - a +2 pair of boots (worn)
 t - the +2 ring mail "Jykeaf" (worn) {Int+7 Dex+4}
   (You found it on level 3 of the Dungeon)

   Int:       It affects your intelligence (+7).
   Dex:       It affects your dexterity (+4).
 E - a +5 kite shield (worn)
 G - a +2 pair of gloves (worn)
 U - a +0 cloak (worn)
Jewellery
 h - a ring of willpower
 s - the ring "Rineqaoq" (right hand) {Ice Stlth+}
   (You found it in a Gauntlet)

   [ring of ice]

   It enhances your ice magic.
   rF:        It makes you vulnerable to fire.
   rC:        It protects you from cold.
   Stlth:     It makes you more stealthy.
 B - a ring of flight
 D - an amulet of regeneration (around neck)
 M - the ring of Lies (left hand) {EV+4 Str+2 Dex+2}
   (You bought it in a shop on level 2 of the Orcish Mines)

   [ring of evasion]

   EV:        It affects your evasion (+4).
   Str:       It affects your strength (+2).
   Dex:       It affects your dexterity (+2).
 P - a ring of fire
 Q - the amulet "Ruinush" {Spirit rC- rN+ Will+ MP+9}
   (You found it on level 2 of the Spider Nest)

   [amulet of guardian spirit]

   It causes incoming damage to be divided between your reserves of health and
   magic.
   rC:        It makes you vulnerable to cold.
   rN:        It protects you from negative energy.
   MP:        It affects your magic capacity (+9).
   Will:      It increases your willpower.
 T - a ring of positive energy
 X - a ring of wizardry
Wands
 d - a wand of mindburst (2)
 j - a wand of quicksilver (3)
 o - a wand of polymorph (10)
 x - a wand of flame (31)
 R - a wand of paralysis (23)
Scrolls
 a - 3 scrolls of blinking
 c - 2 scrolls of amnesia
 f - 3 scrolls of poison
 g - 2 scrolls of immolation
 k - 9 scrolls of teleportation
 q - 3 scrolls of noise
 H - 3 scrolls of summoning
 J - a scroll of butterflies
 N - 2 scrolls of magic mapping
 Z - a scroll of fear
Potions
 b - 2 potions of magic
 i - 4 potions of mutation
 p - 2 potions of lignification
 v - 3 potions of attraction
 w - 4 potions of cancellation
 z - 5 potions of flight
 A - 4 potions of berserk rage
 I - 6 potions of brilliance
 K - a potion of curing
 V - 10 potions of ambrosia
 W - 6 potions of might
 Y - 4 potions of resistance
Miscellaneous
 u - a phial of floods
 F - a lightning rod (4/4)
 L - a box of beasts


   Skills:
 - Level 8.1 Fighting
 - Level 9.4 Maces & Flails
 - Level 7.0 Armour
 - Level 12.0 Dodging
 - Level 1.7 Stealth
 * Level 10.6 Shields
 + Level 12.5 Spellcasting
 - Level 13.1 Conjurations
 - Level 3.7 Hexes
 * Level 19.4 Ice Magic
 - Level 5.4 Evocations


You had 5 spell levels left.
You knew the following spells:

 Your Spells              Type           Power      Damage    Failure   Level
a - Freeze                Ice            100%       1d11      0%          1
b - Frozen Ramparts       Ice            100%       1d16      0%          3
c - Ozocubu's Armour      Ice            100%       N/A       0%          3
d - Hailstorm             Conj/Ice       100%       3d20      1%          4
e - Metabolic Englaciati  Hex/Ice        57%        N/A       1%          5
f - Ozocubu's Refrigerat  Ice            69%        4d22      1%          7
g - Blink                 Tloc           54%        N/A       4%          2
h - Orb of Destruction    Conj           48%        9d13      12%         7
i - Iskenderun's Mystic   Conj/Tloc      71%        2d14      2%          4

Your spell library contained the following spells:

 Spells                   Type           Power      Damage    Failure   Level
 Foxfire                  Conj/Fire      100%       2x1d9     1%          1
 Shock                    Conj/Air       100%       1d9       1%          1
 Slow                     Hex            100%       N/A       1%          1
 Confusing Touch          Hex            57%        N/A       1%          3
 Dazzling Flash           Conj/Hex       100%       N/A       1%          3
 Tukima's Dance           Hex            57%        N/A       1%          3
 Fulminant Prism          Conj/Hex       40%        3d20      1%          4
 Freezing Cloud           Conj/Ice/Air   55%        6-21      1%          5
 Flame Wave               Conj/Fire      71%        2d16      2%          4
 Summon Small Mammal      Summ           100%       N/A       3%          1
 Scorch                   Fire           54%        2d7       4%          2
 Portal Projectile        Hex/Tloc       86%        N/A       4%          3
 Summon Guardian Golem    Hex/Summ       43%        N/A       4%          3
 Cause Fear               Hex            28%        N/A       7%          4
 Call Canine Familiar     Summ           27%        N/A       10%         3
 Gell's Gravitas          Tloc           27%        N/A       10%         3
 Lesser Beckoning         Tloc           27%        N/A       10%         3
 Swiftness                Air            27%        N/A       10%         3
 Teleport Other           Tloc           27%        N/A       10%         3
 Vampiric Draining        Necr           27%        2d7       10%         3
 Airstrike                Air            13%        2d(2-18)  32%         4
 Passage of Golubria      Tloc           27%        N/A       32%         4
 Silence                  Hex/Air        21%        N/A       38%         5
 Summon Mana Viper        Hex/Summ       43%        N/A       38%         5
 Blade Hands              Tmut           13%        N/A       65%         5
 Manifold Assault         Tloc           27%        N/A       65%         5
 Summon Forest            Summ/Tloc      13%        N/A       65%         5
 Simulacrum               Ice/Necr       53%        N/A       9%          6
 Polar Vortex             Ice            69%        N/A       75%         9
 Spellforged Servitor     Conj/Summ      35%        N/A       88%         7
 Summon Cactus Giant      Summ           13%        N/A       99%         6
 Malign Gateway           Summ/Tloc      13%        N/A       100%        7
 Storm Form               Tmut/Air       13%        N/A       100%        7
 Lehudib's Crystal Spear  Conj/Erth      35%        10d9      100%        8


Dungeon Overview and Level Annotations

Branches:
Dungeon (14/15)            Temple (1/1) D:7            Lair (5/5) D:8
 Shoals (0/4) Lair:3       Spider (3/4) Lair:2        Slime (0/5) Lair:4
    Orc (2/2) D:10            Elf (0/3) Orc:2        Vaults (0/5) D:13
Ossuary (visited)          Bailey (visited)         Gauntlet (visited)

Altars:
Ashenzari
Cheibriados
Dithmenos
Elyvilon
Fedhas
Gozag
Hepliaklqana
Kikubaaqudgha
Makhleb
Nemelex Xobeh
Okawaru
Qazlal
Ru
Sif Muna
Trog
Uskayaw
Vehumet
Wu Jian
Xom
Yredelemnul
Zin
The Shining One
Jiyva

Shops:
D:1 (   D:5 *[=[   D:7 *   Orc:2 **[([=

Portals:
Abyss: D:14

Annotations:
D:14 2 transporters, Cown's ghost, journeyman TrHu


Innate Abilities, Weirdness & Mutations

You are amphibious.
You cover ground slowly.
You can hop long distances.
You have an extended range of vision and can be seen from far away.
You are frail. (-10% HP)


Message History

The jumping spider is heavily wounded.
The radroach bites you!! The radroach closely misses you.
The wolf spider misses you. x2; The jumping spider barely misses you.
You block the jumping spider's attack.
Casting: Ozocubu's Refrigeration (dangerous; 1% risk of failure)
Confirm with . or Enter, or press ? or * to list all spells.
You don't have enough magic to cast this spell.
Unknown command.
You sock the radroach! Lightning courses through the radroach!
You kill the radroach!
Cheibriados thoroughly appreciates the change of pace.
You feel sick. You block the wolf spider's attack.
The wolf spider bites you but does no damage.
You block the redback's attack.
The jumping spider completely misses you.
You block the jumping spider's attack. The wolf spider misses you.
You block the wolf spider's attack. The redback barely misses you.
You puncture the redback!
You kill the redback!
Cheibriados appreciates the change of pace.
You feel sick. You block the jumping spider's attack.
The jumping spider barely misses you.
The wolf spider hits you but does no damage.
You block the wolf spider's attack. You block Arachne's attack.
The jumping spider completely misses you.
The jumping spider bites you but does no damage.
The wolf spider misses you. The wolf spider completely misses you.
Arachne hits you. Arachne freezes you!! You resist.
* * * LOW HITPOINT WARNING * * *
You thump the jumping spider!
The jumping spider is severely wounded.
You feel sick.
You are no longer poisoned.
The jumping spider leaps!
The wolf spider barely misses you. You block the wolf spider's attack.
You block Arachne's attack.
The jumping spider leaps!
You feel better.
You block the wolf spider's attack. x2; Arachne hits you!
* * * LOW HITPOINT WARNING * * *
Arachne freezes you!! You resist.
You die...

#..............# #.##
#..............#####...###
#.†††........##.....>.#..#
#............##..........^
#............#.....s...°.#
#............^...........#
.)##########.#/..........#
^## ..#.°|.......# #..
#@Z...s...# #....
##s........ #.....
#............. ......
#....#^........ #....^
#.....#.#.....# .....
#...s . .#.....# .....
#....H. #. ....# #... .. .
...# ........ .. ...#


You could see a wolf spider, 2 jumping spiders and Arachne the simulacrum.

Vanquished Creatures
  Arachne (Spider:3)
  Rupert (Orc:2)
  Gastronok (Lair:1)
  An orc warlord (Orc:2)
  A broodmother (Spider:2)
  3 spark wasps
  A minotaur (Gauntlet)
  3 entropy weavers
  The ghost of Iluf the Spry, a journeyman FeSu of Gozag (Spider:2)
  Fannar (D:12)
  8 vault guards (D:13)
  4 hydras
  2 boulder beetles
  3 radroaches
  6 centaur warriors
  3 two-headed ogres
  A catoblepas (Lair:5)
  9 death yaks
  6 orc high priests
  A deep troll shaman (Lair:5)
  Urug (Lair:1)
  A spectral emperor scorpion (Spider:2)
  Amaemon (Lair:1)
  5 skeletal warriors (D:14)
  Nergalle (D:12)
  2 spectral spark wasps (Spider:2)
  2 pharaoh ants
  3 orb spiders
  2 steelbarb worms (Spider:2)
  2 spectral broodmothers (Spider:2)
  Pikel (D:8)
  A deep elf archer (Orc:2)
  4 deep elf pyromancers
  5 orc sorcerers
  4 orc knights
  6 ugly things (D:14)
  A cyclops (D:14)
  A manticore (D:11)
  4 spectral radroaches (Spider:2)
  A merfolk siren (Lair:3)
  9 wolf spiders
  Maurice (D:9)
  34 elephants
  5 black mambas
  6 cane toads
  Psyche (D:12)
  4 torpor snails
  An orange demon (Lair:1)
  An efreet (D:14)
  2 demonic crawlers
  An ice devil (Gauntlet)
  A kobold demonologist (D:10)
  3 rime drakes
  6 komodo dragons
  2 tengu conjurers (D:13)
  A ghost moth simulacrum (Spider:2)
  A spark wasp simulacrum (Spider:2)
  3 merfolk (Lair:3)
  6 trolls
  6 meliai
  A queen bee (Lair:4)
  7 polar bears
  The ghost of Barsook the Chopper, an amateur DsFi (D:6)
  Prince Ribbit (D:6)
  A hornet (D:10)
  13 slime creatures
  12 tarantellas
  16 blink frogs
  5 flying skulls (Gauntlet)
  14 dream sheep
  An air elemental (D:12)
  4 shadows
  16 jumping spiders
  16 culicivoras
  20 yaks
  A vampire (D:10)
  3 wyverns
  3 wraiths
  A fire elemental (D:12)
  2 basilisks
  A steam dragon (D:9)
  Grum (D:9)
  Menkaure (D:4)
  35 redbacks
  Edmund (D:5)
  2 vampire mosquitoes
  4 wargs
  3 acid dragons
  15 water moccasins
  Duvessa (D:5)
  24 orc warriors
  3 ice beasts (D:6)
  A sky beast (D:6)
  8 black bears
  30 wolves
  13 ogres
  4 boggarts (D:14)
  A lemure (D:8)
  6 centaurs
  8 kobold brigands
  Blork the orc (D:5)
  2 gnoll sergeants
  9 bullfrogs
  2 elf zombies (Ossuary)
  11 scorpions
  An earth elemental (D:12)
  2 necrophages (D:5)
  4 wights (D:6)
  Dowan (D:5)
  35 killer bees
  7 howler monkeys
  A centaur zombie (Ossuary)
  3 jellies
  4 hounds
  A human zombie (Ossuary)
  23 orc priests
  A water moccasin simulacrum (D:6)
  5 iguanas
  28 orc wizards
  A bullfrog simulacrum (D:6)
  2 mummies (Ossuary)
  11 gnolls
  3 adders (D:5)
  2 shadow imps
  8 white imps
  3 adder zombies (Ossuary)
  4 worms
  A dart slug (D:1)
  70 orcs
  5 ball pythons
  2 bats
  11 endoplasms
  2 giant cockroaches
  8 goblins
  8 hobgoblins
  4 jackals
  3 quokkas
  4 frilled lizards
  9 hobgoblin zombies (Ossuary)
  22 kobolds
  11 kobold zombies (Ossuary)
  9 orc zombies (Ossuary)
  5 rats
  A rat zombie (Ossuary)
  A bush (Lair:3)
850 creatures vanquished.

Vanquished Creatures (others)
  A blink frog (Lair:4)
  A water elemental (D:12)
  76 fungi
  126 plants
204 creatures vanquished.

Grand Total: 1054 creatures vanquished

Notes
Turn   | Place    | Note
-------+----------+-------------------------------------------
     0 | D:1      | LustLizard the Barachi Ice Elementalist began the quest for
                  | the Orb.
     0 | D:1      | Reached XP level 1. HP: 13/13 MP: 3/3
   275 | D:1      | Reached skill level 5 in Ice Magic
   293 | D:1      | Found a faded altar of an unknown god.
   333 | D:1      | Reached XP level 2. HP: 19/19 MP: 3/5
   573 | D:1      | Found Zorissomm's Weapon Emporium.
   928 | D:1      | Reached XP level 3. HP: 21/24 MP: 6/6
   990 | D:1      | Learned a level 3 spell: Frozen Ramparts
  1245 | D:2      | Reached skill level 6 in Ice Magic
  1245 | D:2      | Reached XP level 4. HP: 10/30 MP: 0/8
  1646 | D:2      | Learned a level 3 spell: Ozocubu's Armour
  1676 | D:3      | Identified the +2 ring mail "Jykeaf" {Int+7 Dex+4}
  1983 | D:3      | Noticed a centaur
  1989 | D:3      | Killed a centaur
  1990 | D:3      | Reached XP level 5. HP: 35/35 MP: 1/10
  2233 | D:3      | Reached skill level 7 in Ice Magic
  2565 | D:4      | Learned a level 4 spell: Hailstorm
  2584 | D:4      | Reached skill level 1 in Conjurations
  2697 | D:4      | Reached XP level 6. HP: 37/41 MP: 6/11
  2887 | D:4      | Noticed Menkaure
  3148 | D:4      | Killed Menkaure
  3149 | D:4      | Reached skill level 8 in Ice Magic
  3149 | D:4      | Reached XP level 7. HP: 24/46 MP: 3/13
  3515 | D:5      | Entered Level 5 of the Dungeon
  4008 | D:5      | Found an iron altar of Okawaru.
  4008 | D:5      | Found a bloodstained altar of Trog.
  4089 | D:5      | Noticed Dowan
  4381 | D:5      | Reached skill level 9 in Ice Magic
  4381 | D:5      | Reached XP level 8. HP: 52/52 MP: 7/15
  4489 | D:5      | Reached skill level 5 in Conjurations
  4711 | D:5      | Reached skill level 5 in Spellcasting
  5100 | D:5      | Noticed Duvessa
  5111 | D:5      | Killed Dowan
  5112 | D:5      | Killed Duvessa
  5243 | D:5      | Found Zejiunnu's Armour Boutique.
  5243 | D:5      | Found Emuvuaq's Antique Armour Boutique.
  5249 | D:5      | Found Befral's Jewellery Boutique.
  5253 | D:5      | Noticed Edmund
  5263 | D:5      | Killed Edmund
  5266 | D:5      | Reached skill level 10 in Ice Magic
  5310 | D:5      | Found Xois's Assorted Antiques.
  5324 | D:5      | Bought a sedimented puce potion for 21 gold pieces
  5324 | D:5      | Bought a scroll labelled SOH DUYZEZXIEQ for 24 gold pieces
  5324 | D:5      | Bought a scroll of identify for 48 gold pieces
  5324 | D:5      | Bought a scroll labelled VUAQAA MISOCHA for 24 gold pieces
  5381 | D:5      | Noticed Blork the orc
  5389 | D:5      | Killed Blork the orc
  5396 | D:5      | Learned a level 5 spell: Metabolic Englaciation
  5672 | D:6      | Noticed Prince Ribbit
  5677 | D:6      | Killed Prince Ribbit
  5678 | D:6      | Reached skill level 1 in Hexes
  5678 | D:6      | Reached XP level 9. HP: 55/57 MP: 9/17
  6030 | D:6      | Found a hide-covered altar of Uskayaw.
  6202 | D:6      | Found a runed translucent gate.
  6202 | D:6      | Found a runed translucent gate.
  6202 | D:6      | Found a runed translucent gate.
  6242 | D:6      | Noticed Barsook's ghost (amateur DsFi)
  6278 | D:6      | Reached skill level 11 in Ice Magic
  6741 | D:7      | Found Sueps's Assorted Antiques.
  6756 | D:7      | Found a shimmering altar of Xom.
  6866 | D:7      | Found a staircase to the Ecumenical Temple.
  6877 | Temple   | Entered the Ecumenical Temple
  6926 | D:7      | Found a snail-covered altar of Cheibriados.
  6926 | D:7      | Found a glowing golden altar of the Shining One.
  6927 | D:7      | Found a stormy altar of Qazlal.
  6932 | D:7      | Became a worshipper of Cheibriados the Contemplative
  6942 | D:7      | Found a flagged portal.
  6998 | Bailey   | Entered a bailey
  7270 | Bailey   | Reached XP level 10. HP: 32/63 MP: 6/19
  7417 | Bailey   | Found a burning altar of Makhleb.
  7851 | D:8      | Reached skill level 1 in Evocations
  7880 | D:8      | Reached * piety under Cheibriados
  7881 | D:8      | Reached skill level 1 in Fighting
  7883 | D:8      | Found the +10 morningstar "Eos" {elec, Halo rElec}
  7901 | D:8      | Found a sand-covered staircase.
  7906 | Ossuary  | Entered an ossuary
  7999 | Ossuary  | Reached ** piety under Cheibriados
  8251 | Ossuary  | Reached skill level 1 in Maces & Flails
  8382 | D:8      | Reached skill level 12 in Ice Magic
  8415 | D:8      | Noticed Pikel
  8419 | D:8      | Killed Pikel
  8433 | D:8      | Reached *** piety under Cheibriados
  8726 | D:8      | Found a staircase to the Lair.
  8937 | D:8      | Found a sparkling altar of Nemelex Xobeh.
  8993 | D:9      | Noticed Maurice
  9005 | D:9      | Killed Maurice
  9130 | D:9      | Reached XP level 11. HP: 67/75 MP: 14/21
  9134 | D:9      | Reached skill level 5 in Evocations
  9296 | D:9      | Reached skill level 5 in Maces & Flails
  9341 | D:9      | Found a blossoming altar of Fedhas.
  9380 | D:9      | Noticed Grum
  9387 | D:9      | Reached **** piety under Cheibriados
  9390 | D:9      | Killed Grum
  9495 | D:9      | Learned a level 7 spell: Ozocubu's Refrigeration
  9519 | D:9      | Found an opulent altar of Gozag.
  9844 | D:9      | Found a shimmering blue altar of Sif Muna.
  9873 | D:9      | Found an ancient bone altar of Kikubaaqudgha.
  9903 | D:9      | Found a radiant altar of Vehumet.
  9929 | D:9      | Got Vehumet's Vellum of Conflict
 10079 | D:9      | Reached ***** piety under Cheibriados
 10260 | D:10     | Entered Level 10 of the Dungeon
 10266 | D:10     | Noticed a two-headed ogre
 10270 | D:10     | Killed a two-headed ogre
 10271 | D:10     | Reached skill level 5 in Fighting
 10271 | D:10     | Reached skill level 13 in Ice Magic
 10876 | D:10     | Found a staircase to the Orcish Mines.
 11973 | D:11     | Reached skill level 14 in Ice Magic
 12113 | D:11     | Noticed a two-headed ogre
 12116 | D:11     | Killed a two-headed ogre
 12347 | D:11     | Noticed a manticore
 12357 | D:11     | Killed a manticore
 13404 | D:12     | Noticed Psyche
 13408 | D:12     | Noticed Fannar
 13428 | D:12     | Killed Fannar
 13429 | D:12     | Reached skill level 15 in Ice Magic
 13429 | D:12     | Reached XP level 12. HP: 59/91 MP: 9/22
 13874 | D:12     | Noticed a two-headed ogre
 13882 | D:12     | Killed a two-headed ogre
 14319 | D:12     | Found a large runed translucent door.
 14320 | D:12     | Found a large runed translucent door.
 14364 | D:12     | Noticed Nergalle
 14742 | D:6      | Killed Barsook's ghost
 14745 | D:6      | Reached ****** piety under Cheibriados
 14784 | D:6      | Reached skill level 1 in Armour
 14896 | Lair:1   | Entered Level 1 of the Lair of Beasts
 14907 | Lair:1   | Noticed Amaemon
 14910 | Lair:1   | Killed Amaemon
 15392 | Lair:1   | Noticed Gastronok
 15404 | Lair:1   | Killed Gastronok
 15604 | Lair:1   | Noticed Urug
 15619 | Lair:1   | Killed Urug
 15869 | Lair:1   | Reached skill level 5 in Dodging
 16079 | Lair:2   | Reached skill level 16 in Ice Magic
 16276 | Lair:2   | Found a hole to the Spider Nest.
 16277 | Lair:2   | Noticed a boulder beetle
 16285 | Lair:2   | Killed a boulder beetle
 16651 | Lair:2   | Gained mutation: You can hop long distances. [Barachi
                  | growth]
 16651 | Lair:2   | Reached XP level 13. HP: 98/98 MP: 16/24
 16741 | Lair:2   | Identified a scroll of acquirement
 17394 | Lair:3   | Identified the +0 leather armour of Polish {rC+ Dex+4}
 17533 | Lair:3   | Learned a level 2 spell: Blink
 17807 | Lair:3   | Found a staircase to the Shoals.
 17810 | Lair:3   | Reached skill level 5 in Armour
 19192 | Lair:4   | Found a viscous altar of Jiyva.
 19193 | Lair:4   | Found a staircase to the Slime Pits.
 19362 | Lair:4   | Reached XP level 14. HP: 90/105 MP: 2/26
 20294 | Lair:4   | Reached skill level 17 in Ice Magic
 20534 | Lair:5   | Entered Level 5 of the Lair of Beasts
 20536 | Lair:5   | Reached skill level 10 in Dodging
 21665 | Lair:5   | Learned a level 7 spell: Orb of Destruction
 21747 | Lair:5   | Reached skill level 10 in Conjurations
 21755 | Lair:5   | Reached skill level 10 in Spellcasting
 22296 | D:12     | Killed Nergalle
 22523 | D:12     | Killed Psyche
 22626 | D:12     | Paralysed by an air elemental for 1 turns
 22810 | D:13     | Reached XP level 15. HP: 110/110 MP: 3/29
 23926 | D:13     | Found a gate to the Vaults.
 24112 | D:13     | Reached skill level 1 in Shields
 24875 | Orc:1    | Entered Level 1 of the Orcish Mines
 25472 | Orc:2    | Entered Level 2 of the Orcish Mines
 25544 | Orc:2    | Paralysed by an orc sorcerer for 2 turns
 25590 | Orc:2    | Paralysed by an orc sorcerer for 3 turns
 25682 | Orc:2    | Found Dogughi's Antique Weapon Shoppe.
 25682 | Orc:2    | Found Feidd's Antique Armour Shop.
 25683 | Orc:2    | Gained mutation: You are frail. (-10% HP) [a neqoxec]
 25727 | Orc:2    | Found a flickering gateway to a bazaar.
 25737 | Bazaar   | Entered a bazaar
 25737 | Bazaar   | Found Efrimac's Assorted Antiques.
 25737 | Bazaar   | Found Joisoweg's Antique Weapon Emporium.
 25737 | Bazaar   | Found Bufoutz Goydgh's General Store.
 25737 | Bazaar   | Found Nirhano's Antique Weapon Shoppe.
 25755 | Bazaar   | Bought a potion of brilliance for 28 gold pieces
 25755 | Bazaar   | Bought a scroll of blinking for 52 gold pieces
 25755 | Bazaar   | Bought a scroll of teleportation for 21 gold pieces
 25755 | Bazaar   | Bought a scroll of teleportation for 21 gold pieces
 25799 | Orc:2    | Noticed an orc warlord
 25806 | Orc:2    | Killed an orc warlord
 25807 | Orc:2    | Reached skill level 5 in Shields
 25808 | Orc:2    | Noticed Rupert
 26053 | Orc:2    | Found a staircase to the Elven Halls.
 26259 | Orc:2    | Found Cemuel Lofa's Specific Store.
 26261 | Orc:2    | Found Jeaw's General Store.
 26525 | Orc:2    | Killed Rupert
 26711 | Orc:2    | Found Qogox's Antique Armour Shop.
 26711 | Orc:2    | Found Perulifi's Jewellery Shoppe.
 26725 | Orc:2    | Bought the ring of Lies {EV+4 Str+2 Dex+2} for 822 gold
                  | pieces
 26732 | Orc:2    | Acquired the Exposition on Translocation and the Oath
 26739 | Orc:2    | Learned a level 4 spell: Iskenderun's Mystic Blast
 27111 | D:14     | Noticed a tentacled starspawn
 27167 | D:14     | Found a gate leading to a gauntlet.
 27270 | Gauntlet | Entered a Gauntlet
 27270 | Gauntlet | Found a transporter.
 27278 | Gauntlet | Found a transporter.
 27293 | Gauntlet | Found a transporter.
 27326 | Gauntlet | Found a transporter.
 27340 | Gauntlet | Found a transporter.
 27364 | Gauntlet | Found a transporter.
 27379 | Gauntlet | Found a transporter.
 27398 | Gauntlet | Found a transporter.
 27400 | Gauntlet | Found the brooch of Shielding {Spirit SH+8}
 27410 | Gauntlet | Found a transporter.
 27458 | Gauntlet | Noticed a cacodemon
 27459 | Gauntlet | Found a transporter.
 27468 | Gauntlet | Found a transporter.
 27468 | Gauntlet | Noticed a balrug
 27474 | Gauntlet | Found a transporter.
 27475 | Gauntlet | Found a transporter.
 27508 | Gauntlet | Found a transporter.
 27526 | Gauntlet | Found a transporter.
 27669 | Gauntlet | Found a transporter.
 27680 | Gauntlet | Found a transporter.
 27681 | Gauntlet | Found a transporter.
 27924 | Gauntlet | Paralysed by a floating eye for 3 turns
 27942 | Gauntlet | HP: 2/99 [elephant[an orange crystal statue] (8)]
 28083 | Gauntlet | Reached XP level 16. HP: 76/105 MP: 4/31
 28090 | Gauntlet | Identified the ring "Rineqaoq" {Ice Stlth+}
 28097 | Gauntlet | Identified the +1 leather armour of Muttered Phrases {rN++
                  | Str+3 Dex-4 Stlth+}
 28687 | D:14     | Identified the +0 robe "Sigipn" {-Tele rC+ SInv Archmagi}
 28782 | D:14     | Found a transporter.
 28784 | D:14     | Found a transporter.
 28960 | D:14     | Noticed Cown's ghost (journeyman TrHu)
 29076 | D:14     | Found a one-way gate to the infinite horrors of the Abyss.
 29339 | Spider:1 | Entered Level 1 of the Spider Nest
 29502 | Spider:1 | Reached skill level 18 in Ice Magic
 31015 | Spider:2 | Found a runed translucent gate.
 31016 | Spider:2 | Found a runed translucent gate.
 31017 | Spider:2 | Found a runed translucent gate.
 31026 | Spider:2 | Identified the amulet "Ruinush" {Spirit rC- rN+ Will+ MP+9}
 31640 | Spider:2 | Noticed Iluf's ghost (journeyman FeSu)
 32089 | Spider:2 | Reached skill level 19 in Ice Magic
 32109 | Spider:2 | Killed Iluf's ghost
 32111 | Spider:2 | Reached skill level 10 in Shields
 32251 | Spider:2 | Identified the +1 pair of boots of Intuition {-Tele rF+
                  | rC++ Str+4}
 32379 | Spider:3 | Reached XP level 17. HP: 109/109 MP: 25/33
 32426 | Spider:3 | Noticed Arachne
 32439 | Spider:3 | Killed Arachne
 32450 | Spider:3 | Slain by Arachne the simulacrum

Illustrated notes

Levels and vault maps discovered:
D:1:      dpeg_arrival_refuge, layout_basic, hellmonk_ecumenical_altar_run_dry,
          serial_shops, nicolae_shop_bloodbath_and_beyond
D:2:      layout_rooms, serial_bayou, serial_bayou_lagoon_b,
          serial_bayou_pond_d, serial_bayou_ford_a, serial_bayou_lake_a
D:3:      layout_basic
D:4:      layout_cave_pools, uniq_menkaure
D:5:      minmay_polygon_palace, layout_basic, grunt_temple_overflow_bloody_war,
          corexii_leaking_fountain, minmay_shop_grid_forest, uniq_blork_the_orc,
          uniq_duvessa, uniq_edmund
D:6:      layout_rooms, mainiacjoe_overflow_surrounded_room,
          gammafunk_ghost_icy, uniq_prince_ribbit1
D:7:      layout_rooms, mainiacjoe_overflow_boulevard,
          chequers_temple_overflow_statue_of_worship, minmay_temple_entry_glass,
          serial_shops, kennysheep_mini_moat, enter_bailey_8
D:8:      layout_basic, nemelex_diamond_rough_becter,
          due_lair_maze_entry_diamond, enter_ossuary_5, uniq_pikel
D:9:      layout_irregular_city, palyth_temple_overflow_mages,
          grunt_gozag_statues, mainiacjoe_overflow_six_doors_small,
          uniq_maurice, uniq_grum
D:10:     layout_stronghold, minmay_orc_entry_temple_small, grunt_ministairs_11
D:11:     layout_roguey
D:12:     layout_basic, st_stairs_2, lightli_elemental_guards, uniq_fannar,
          uniq_psyche, uniq_nergalle
D:13:     layout_irregular_city, erik_vaults_2
D:14:     layout_irregular_city, gammafunk_ghost_abyssal_escape,
          dreamdust_wishing_well, gauntlet_entry_generic, corexii_checkpoint_b
Temple:   nicolae_temple_cloud_nine
Lair:1:   layout_roguey, columned_hall_lemuel, minivault_23,
          chequers_serial_rivers_micro_a, uniq_urug, uniq_gastronok,
          uniq_amaemon
Lair:2:   layout_regular_city, nicolae_spider_entry_non_spiders,
          grunt_megastairs_3, lemuel_fruit_tree, serial_bayou_shore_b
Lair:3:   layout_hall_layers, elwin_shoals_entry_stream
Lair:4:   layout_hall_layers, nicolae_slime_entry_slimehenge, special_room
          [special_room_bee], beast_lair_carwin_11, serial_bayou_shore_b,
          lemuel_fruit_fields
Lair:5:   grunt_lair_end_beastmaster, layout_regular_city, serial_bayou_shore_b,
          grunt_megastairs_1
Spider:1: layout_spider_delve
Spider:2: layout_spider_delve, gammafunk_ghost_necromancy
Spider:3: layout_chambers, hangedman_spider_tarantella_strand, uniq_arachne
Orc:1:    layout_caves
Orc:2:    grunt_orc_tribal_feast, layout_caves, serial_shops, bzr_firewalk,
          nicolae_specific_store, elf_legates, uniq_rupert

Skill      XL: |  1  2  3  4  5  6  7  8  9 10 11 12 13 14 15 16 |
---------------+-------------------------------------------------+-----
Ice Magic      | 5 6 7 8 9 10 11 12 15 16 17 19 | 19.4
Spellcasting   | 3 4 5 6 7 8 10 11 12 | 12.5
Conjurations   | 1 3 4 6 8 9 10 13 | 13.1
Hexes          | 1 3 |  3.7
Evocations     | 4 5 |  5.4
Fighting       | 3 7 8 |  8.1
Maces & Flails | 4 5 6 8 9 |  9.4
Armour         | 3 6 7 |  7.0
Dodging        | 5 9 11 12 | 12.0
Shields        | 6 10 | 10.6
Stealth        | |  1.7

Action                   |  1- 3 |  4- 6 |  7- 9 | 10-12 | 13-15 | 16-18 || total
-------------------------+-------+-------+-------+-------+-------+-------++-------
Melee: Short sword       |    13 |    16 |       |       |       |       ||    29
       Punch             |       |     1 |       |     4 |     8 |       ||    13
       Morningstar       |       |       |       |   232 |   499 |   224 ||   955
 Fire: Shortbow          |       |    63 |   154 |     4 |       |       ||   221
 Cast: Freeze            |    39 |    18 |    45 |     4 |     1 |       ||   107
       Frozen Ramparts   |       |     7 |    29 |    49 |     2 |     1 ||    88
       Ozocubu's Armour  |       |     5 |    26 |    33 |    12 |     4 ||    80
       Hailstorm         |       |       |     6 |    43 |    12 |     1 ||    62
       Metabolic Englaci |       |       |       |     2 |     1 |       ||     3
       Ozocubu's Refrige |       |       |       |    22 |   132 |    76 ||   230
       Blink             |       |       |       |       |     1 |       ||     1
       Iskenderun's Myst |       |       |       |       |       |     6 ||     6
 Abil: Hop               |       |       |     1 |     1 |     8 |       ||    10
Evoke: Lightning rod     |       |       |       |       |     3 |       ||     3
       Wand              |       |       |       |       |     1 |       ||     1
  Use: Scroll            |     2 |     2 |    11 |    10 |    20 |     1 ||    46
       Potion            |       |       |     2 |       |    22 |     1 ||    25
 Stab: Sleeping          |     3 |     2 |       |       |       |       ||     5
       Petrified         |       |       |       |       |     3 |       ||     3
       Distracted        |       |       |       |       |     1 |     1 ||     2
Armor: Robe              |     9 |       |       |       |       |       ||     9
       Leather armour    |     4 |       |       |       |       |       ||     4
       Ring mail         |       |    37 |    36 |   142 |   185 |    55 ||   455
       Skin              |       |       |       |     1 |       |       ||     1
Dodge: Dodged            |    23 |    41 |    48 |   197 |   989 |   276 ||  1574
Block: Kite shield       |       |       |       |       |   193 |   349 ||   542
